 Dungeon Crawl Stone Soup version 0.29.1-2-gbd0b4ee654 (webtiles) character file.

Game seed: 899082727972526202

112 NinjaNoafa the Vexing (level 4, -1/21 HPs)
             Began as a Spriggan Enchanter on Nov 16, 2022.
             Slain by Pargi (4 damage)
             ... in a sewer.
             The game lasted 00:03:17 (2712 turns).

NinjaNoafa the Vexing (Spriggan Enchanter)          Turns: 2712, Time: 00:03:18

Health: -1/21      AC:  2    Str:  4    XL:     4   Next: 64%
Magic:  5/11       EV: 17    Int: 18    God:
Gold:   153        SH:  0    Dex: 15    Spells: 9/11 levels left

rFire   . . .      SeeInvis +   a - +1 dagger
rCold   . . .      Faith    .   (no shield)
rNeg    . . .      Spirit   .   b - +0 robe
rPois   .          Reflect  .   (helmet restricted)
rElec   .          Harm     .   (no cloak)
rCorr   .          Rampage  .   (gloves unavailable)
Will    .....                   (boots unavailable)
Stlth   ++........              (no amulet)
HPRegen 0.07/turn               (no ring)
MPRegen 0.12/turn               (no ring)

@: invisible, slow
A: very small, no large weapons, unfitting armour, see invisible, speed 3
a: no special abilities


You were in a sewer.
You visited 1 branch of the dungeon, and saw 3 of its levels.
You also visited: Sewer.

You collected 153 gold pieces.

Inventory:

Hand Weapons
 a - a +1 dagger (weapon)
Missiles
 d - 25 stones
 n - 5 poisoned darts (quivered)
 r - 2 boomerangs
Armour
 b - a +0 robe (worn)
Scrolls
 f - a scroll of torment {unknown}
 j - 2 scrolls of blinking {unknown}
 k - 2 scrolls of identify {unknown}
 l - 3 scrolls of teleportation {unknown}
 m - 2 scrolls of vulnerability {unknown}
 o - a scroll of magic mapping {unknown}
 s - a scroll of poison {unknown}
Potions
 e - a potion of curing
 g - a potion of heal wounds {unknown}
 h - 2 potions of magic {unknown}
 i - a potion of berserk rage {unknown}
 p - a potion of haste {unknown}
 q - a potion of lignification {unknown}


   Skills:
 - Level 1.1 Short Blades
 - Level 2.6 Dodging
 - Level 4.4 Stealth
 - Level 4.0 Spellcasting
 + Level 4.9 Hexes
 - Level 2.0 Ice Magic


You had 9 spell levels left.
You knew the following spells:

 Your Spells              Type           Power      Damage    Failure   Level
a - Ensorcelled Hibernat  Hex/Ice        32%        N/A       5%          2

Your spell library contained the following spells:

 Spells                   Type           Power      Damage    Failure   Level
 Confusing Touch          Hex            21%        N/A       6%          3
 Tukima's Dance           Hex            21%        N/A       6%          3
 Dazzling Flash           Conj/Hex       24%        N/A       16%         3
 Frozen Ramparts          Ice            20%        1d4       19%         3
 Spider Form              Tmut/Pois      3%         N/A       41%         3
 Anguish                  Hex/Necr       6%         N/A       47%         4
 Ice Form                 Ice/Tmut       7%         N/A       67%         4
 Summon Ice Beast         Ice/Summ       7%         N/A       67%         4


Dungeon Overview and Level Annotations

Branches:
Dungeon (3/15)              Sewer (1/1)

Altars:

Annotations:
Sewer Pargi


Innate Abilities, Weirdness & Mutations

You are very small and have problems with some larger weapons.
You are too small for most types of armour.
You have supernaturally acute eyesight. (SInv)
You cover ground extremely quickly. (Speed+++)


Message History

Throw: 9 darts (poison)
Press: ? - help, Q - select action, (/) - cycle Shift-Dir - straight line, f/p - Pargi
Aim: Pargi (severely wounded, unable to see you, 50% to hit)
You throw a poisoned dart. The poisoned dart hits Pargi.
Pargi is poisoned.
Pargi is severely wounded.
You hear a splash.
Pargi misses you. Pargi closely misses you. x2
Pargi hisses menacingly.
Throw: 8 darts (poison)
Press: ? - help, Q - select action, (/) - cycle Shift-Dir - straight line, f/p - Pargi
Aim: Pargi (severely wounded, unable to see you, poisoned, 50% to hit)
You throw a poisoned dart. The poisoned dart hits Pargi.
Pargi is severely wounded.
Unknown command.
You enter the shallow water.
Moving in this stuff is going to be slow. ...and don't expect to remain undetected.
Pargi shouts!
Pargi barely misses you. Pargi misses you. Pargi closely misses you.
You hit Pargi.
Pargi is almost dead.
You enter the shallow water.
Moving in this stuff is going to be slow. ...and don't expect to remain undetected.
Pargi shouts!
Throw: 7 darts (poison)
Press: ? - help, Q - select action, (/) - cycle Shift-Dir - straight line, f/p - Pargi
Aim: Pargi (severely wounded, poisoned, 50% to hit)
You throw a poisoned dart. The poisoned dart barely misses Pargi.
You hear a splash.
Unknown command.
Throw: 6 darts (poison)
Press: ? - help, Q - select action, (/) - cycle Shift-Dir - straight line, f/p - Pargi
Aim: Pargi (severely wounded, poisoned, 50% to hit)
You throw a poisoned dart. The poisoned dart hits Pargi.
Pargi looks even sicker.
Pargi is severely wounded.
You hear a splash.
Pargi bites you.
You die...

############
#.##.##[##.#
#.##†##)##.#
#+##+##'##'##'##'#
............(....#####
~~~~~~~.~~~(@T~~(#~~~~~~
≈≈≈≈≈≈≈∩≈≈≈≈≈≈≈≈≈#≈≈≈≈≈≈
~~~~~~~.~~~~~~~~~#~~~~~~
.................#######
#+##+##.##+##+##+# #.#
#∩# ###


You could see Pargi (very poisoned).

Vanquished Creatures
  3 gnolls (D:3)
  2 river rats (D:3)
  4 adders
  A worm (D:3)
  An orc (D:3)
  An endoplasm (D:3)
  2 goblins
  A hobgoblin (D:3)
  7 ball pythons
  2 bats
  4 kobolds
  7 rats
35 creatures vanquished.

Vanquished Creatures (others)
  A plant (D:1)
1 creature vanquished.

Grand Total: 36 creatures vanquished

Notes
Turn   | Place    | Note
-------+----------+-------------------------------------------
     0 | D:1      | NinjaNoafa the Spriggan Enchanter began the quest for the
                  | Orb.
     0 | D:1      | Reached XP level 1. HP: 9/9 MP: 5/5
  1100 | D:2      | Reached XP level 2. HP: 4/13 MP: 7/7
  1491 | D:2      | Learned a level 2 spell: Ensorcelled Hibernation
  1491 | D:2      | Found a faded altar of an unknown god.
  1694 | D:3      | Reached skill level 1 in Ice Magic
  1744 | D:3      | Reached XP level 3. HP: 14/16 MP: 1/9
  1884 | D:3      | Identified the +5 whip of Causality {freeze, Will++ Int+4}
  2072 | D:3      | Reached XP level 4. HP: 6/21 MP: 3/10
  2447 | D:3      | Found a glowing drain.
  2540 | Sewer    | Entered a sewer
  2686 | Sewer    | Noticed Pargi
  2693 | Sewer    | HP: 1/21 [Pargi (1)]
  2712 | Sewer    | Slain by Pargi

Illustrated notes

Levels and vault maps discovered:
D:1:      lightli_arrival_noodles, layout_loops_ring, serial_forest,
          infiniplex_forest_straight_2, infiniplex_forest_lined_2,
          infiniplex_forest_lined_1, infiniplex_forest_clump_curved,
          infiniplex_forest_clump_diagonal, infiniplex_forest_split,
          infiniplex_forest_end_1, infiniplex_forest_end_3,
          infiniplex_forest_lined_2, infiniplex_forest_lined_2
D:2:      layout_rooms, chequers_ecumenical_altar_lobes
D:3:      layout_loops_corners, portal_sewer_entry_c, uniq_terence
Sewer:    kennysheep_door_sewer

Skill      XL: |  1  2  3  4 |
---------------+-------------+-----
Spellcasting   | 3 4 |  4.0
Hexes          | 4 |  4.9
Ice Magic      | 1 2 |  2.0
Short Blades   | |  1.1
Dodging        | |  2.6
Stealth        | |  4.4

Action                   |  1- 3 |  4- 6 || total
-------------------------+-------+-------++-------
Melee: Dagger            |    61 |    18 ||    79
Throw: Dart              |       |     4 ||     4
 Cast: Ensorcelled Hiber |     8 |    10 ||    18
  Use: Potion            |     1 |     2 ||     3
 Stab: Sleeping          |    14 |     8 ||    22
Armor: Robe              |     3 |     2 ||     5
Dodge: Dodged            |    35 |    24 ||    59
